 Dungeon Crawl Stone Soup version 0.29.0-4-gdea44cf6ec (webtiles) character file.

Game seed: 1078346085301901465

1321 qw the Cleaver (level 8, 0/62 HPs)
             Began as a Formicid Cinder Acolyte on Sept 3, 2022.
             Was a Follower of Ignis.
             Killed by divine providence
             ... invoked by an orc priest
              (10 damage)
             ... on level 6 of the Dungeon.
             The game lasted 00:03:06 (7457 turns).

qw the Cleaver (Formicid Cinder Acolyte)            Turns: 7457, Time: 00:03:07

Health: 0/62       AC: 17    Str: 21    XL:     8   Next: 90%
Magic:  9/9        EV:  7    Int: 14    God:    Ignis [*.....]
Gold:   142        SH:  4    Dex:  9    Spells: 9/9 levels left

rFire   + . .      SeeInvis +   Y - +0 war axe (freeze)
rCold   . . .      Faith    .   i - +0 buckler
rNeg    . . .      Spirit   .   h - +0 chain mail
rPois   .          Reflect  .   (helmet unavailable)
rElec   .          Harm     .   (no cloak)
rCorr   .          Rampage  .   (no gloves)
Will    .....                   k - +0 pair of boots
Stlth   ..........              (no amulet)
HPRegen 0.20/turn               (no ring)
MPRegen 0.11/turn               (no ring)

@: lethally poisoned (0 -> -11), fiery-armoured
A: permanent stasis, dig shafts and tunnels, antennae 3, four strong arms
a: Dig, Shaft Self, Renounce Religion, Fiery Armour, Foxfire Swarm, Rising Flame


You were on level 6 of the Dungeon.
You worshipped Ignis.
Ignis was aware of your devotion.
You visited 1 branch of the dungeon, and saw 6 of its levels.

You collected 212 gold pieces.
You spent 70 gold pieces at shops.


Innate Abilities, Weirdness & Mutations

You cannot be hasted, slowed, berserked, paralysed or teleported.
You can dig through walls and to a lower floor.
You have a pair of large antennae on your head. (SInv)
Your four strong arms can wield two-handed weapons with a shield.


   Skills:
 - Level 5.1 Fighting
 + Level 8.7 Axes
 - Level 3.0 Armour
 - Level 1.1 Dodging
 - Level 4.3 Shields
 - Level 1.1 Spellcasting
 - Level 3.0 Fire Magic


You had 9 spell levels left.
You didn't know any spells.
Your spell library contained the following spells:

 Spells                   Type           Power      Damage    Failure   Level
 Scorch                   Fire           18%        2d5       80%         2

Inventory:

Hand Weapons
 b - a -1 hand axe of flaming
 Y - a +0 war axe of freezing (weapon)
Armour
 h - a +0 chain mail (worn)
 i - a +0 buckler (worn)
 k - a +0 pair of boots (worn)
Scrolls
 g - a scroll of identify
Potions
 e - 4 potions of curing
 j - a potion of ambrosia {unknown}

Dungeon Overview and Level Annotations

Branches:
Dungeon (6/15)
 Temple: D:4-7

Altars:
Hepliaklqana
Okawaru

Shops:
D:2 **

Annotations:
D:5 1 runed translucent door, qw's ghost, novice TrCA


Message History

The orc warrior is burned by your cloak of flames.
The orc warrior is lightly wounded.
The orc priest mumbles some strange prayers to Beogh against you.
You struggle to resist.
You hit the orc warrior but do no damage.
The orc warrior is lightly wounded.
You feel very sick.
The orc warrior hits you but does no damage.
You are more poisoned.
The orc priest hits you but does no damage.
The orc barely misses you.
The orc warrior hits you with a +1 war axe of venom.
You are more poisoned.
The orc warrior is burned by your cloak of flames.
The orc warrior is moderately wounded.
You block the orc priest's attack.
You slash the orc warrior! You freeze the orc warrior.
You kill the orc warrior!
You hit the orc. You freeze the orc.
You feel extremely sick. You block the orc's attack.
The orc priest mumbles some strange prayers to Beogh against you.
You struggle to resist.
You hit the orc but do no damage.
The orc is moderately wounded.
You slash the white imp! You freeze the white imp.
You feel very sick.
The orc priest mumbles some strange prayers to Beogh against you.
Beogh smites you! The orc hits you with a +0 war axe.
The orc is burned by your cloak of flames.
The orc is heavily wounded.
The white imp barely misses you.
You barely miss the white imp.
The white imp is almost dead.
You hit the orc. You freeze the orc.
You kill the orc!
You feel very sick.
The orc priest mumbles some strange prayers to Beogh against you.
Beogh smites you!
You die...

#.##......#.#.#..
##.##......#.#.#.#
...##......#.#.#.###
##.##...........[..#
#.##..###..........
#.##........#.#.#..
#....#.......o#.#
######.........5o#
........###.%##o@#
######.###......<#
.............##.....#
#.####.###[#.###.##.#
#....#............# #
....................
#.########..#########
### ####


You could see an orc priest, a white imp and 2 orcs.

Vanquished Creatures
  Sigmund (D:5)
  Pargi (D:3)
  2 orc warriors (D:6)
  2 black bears
  An ogre (D:5)
  3 scorpions
  2 hounds
  A jelly (D:3)
  Ijyb (D:3)
  An iguana (D:6)
  2 orc wizards (D:3)
  Robin (D:3)
  4 gnolls (D:5)
  6 adders
  2 worms
  5 dart slugs
  18 orcs
  2 bats
  7 endoplasms
  4 giant cockroaches
  21 goblins
  3 hobgoblins
  4 quokkas
  7 ball pythons
  6 frilled lizards
  6 kobolds
  19 rats
132 creatures vanquished.

Vanquished Creatures (others)
  16 fungi (D:4)
16 creatures vanquished.

Grand Total: 148 creatures vanquished

Notes
Turn   | Place    | Note
-------+----------+-------------------------------------------
     0 | D:1      | qw the Formicid Cinder Acolyte began the quest for the Orb.
     0 | D:1      | Reached XP level 1. HP: 18/18 MP: 2/2
     0 | D:1      | 0 ||| qw: Version: 0.1-a-102-g441f92d
     0 | D:1      | 0 ||| qw: Game counter: 5213
     0 | D:1      | 0 ||| qw: Always use a shield: true
     0 | D:1      | 0 ||| qw: God list: Okawaru
     0 | D:1      | 0 ||| qw: Allow faded altars: false
     0 | D:1      | 0 ||| qw: Do Orc after D:15 true
     0 | D:1      | 0 ||| qw: Do second Lair branch before Depths: true
     0 | D:1      | 0 ||| qw: Lair rune preference: random
     0 | D:1      | 0 ||| qw: Plans: Normal
     0 | D:1      | 0 ||| PLANNING D:1-11
    23 | D:1      | 23 ||| Stepping ~*~*~tactically~*~*~ (stealth).
    64 | D:1      | Found a faded altar of an unknown god.
    95 | D:1      | 95 ||| INVOKING Fiery Armour.
   320 | D:1      | Reached XP level 2. HP: 24/24 MP: 3/3
   539 | D:1      | 539 ||| Stepping ~*~*~tactically~*~*~ (stealth).
   985 | D:1      | 985 ||| UPGRADING to +0 scale mail.
   995 | D:1      | 995 ||| DROPPING +0 robe.
   996 | D:1      | 996 ||| UPGRADING to +0 buckler.
  1001 | D:1      | 1001 ||| READING scroll labelled GUCUTU BU BEPS.
  1135 | D:1      | 1135 ||| READING scroll labelled VEGUHA FUESUTH.
  1136 | D:1      | 1136 ||| READING scroll labelled OCLOPT QINACOTUYPN.
  1230 | D:2      | Reached skill level 1 in Shields
  1230 | D:2      | Reached XP level 3. HP: 27/29 MP: 4/4
  1340 | D:2      | Reached skill level 1 in Armour
  1382 | D:2      | 1382 ||| FLEEEEING.
  1627 | D:2      | Reached skill level 4 in Axes
  1739 | D:2      | Found Wehoaz's General Store.
  1744 | D:2      | 1744 ||| SHOPLISTING +4 ring of slaying (1092 gold, have
                  | 75).
  1744 | D:2      | 1744 ||| BUYING potion of curing (42 gold).
  1744 | D:2      | Bought a potion of curing for 42 gold pieces
  1744 | D:2      | 1744 ||| SHOPLISTING scroll of enchant weapon (105 gold,
                  | have 33).
  1744 | D:2      | 1744 ||| BUYING scroll of identify (28 gold).
  1744 | D:2      | Bought a scroll of identify for 28 gold pieces
  1963 | D:2      | 1963 ||| INVOKING Fiery Armour.
  2186 | D:2      | Found Tosocs's General Store.
  2189 | D:2      | 2189 ||| SHOPLISTING potion of cancellation (96 gold, have
                  | 10).
  2189 | D:2      | 2189 ||| SHOPLISTING scroll of enchant weapon (90 gold,
                  | have 10).
  2208 | D:2      | 2208 ||| DROPPING scarf of harm.
  2209 | D:2      | 2209 ||| READING scroll labelled VAKLE SOSCHEU.
  2210 | D:2      | 2210 ||| DRINKING 2 bubbling inky potions.
  2243 | D:3      | Noticed Ijyb
  2248 | D:3      | 2248 ||| Stepping ~*~*~tactically~*~*~ (hiding).
  2255 | D:3      | 2255 ||| INVOKING Fiery Armour.
  2259 | D:3      | Killed Ijyb
  2260 | D:3      | Reached skill level 3 in Shields
  2260 | D:3      | Reached XP level 4. HP: 18/35 MP: 5/5
  2264 | D:3      | Noticed Robin
  2265 | D:3      | 2265 ||| Stepping ~*~*~tactically~*~*~ (stealth).
  2266 | D:3      | 2266 ||| FLEEEEING.
  2267 | D:3      | 2267 ||| FLEEEEING.
  2268 | D:3      | 2268 ||| STAIRDANCE
  2443 | D:3      | 2443 ||| STAIRDANCE
  2578 | D:3      | 2578 ||| INVOKING Fiery Armour.
  2579 | D:3      | Killed Robin
  2580 | D:3      | Reached XP level 5. HP: 19/41 MP: 6/6
  2581 | D:3      | 2581 ||| FLEEEEING.
  2582 | D:3      | 2582 ||| STAIRDANCE
  2972 | D:3      | Noticed Pargi
  2984 | D:3      | 2984 ||| INVOKING Fiery Armour.
  2986 | D:3      | Killed Pargi
  2987 | D:3      | Reached skill level 5 in Axes
  2987 | D:3      | Reached XP level 6. HP: 16/47 MP: 7/7
  3374 | D:3      | Reached skill level 1 in Dodging
  3428 | D:3      | 3428 ||| SWAPPING to +0 war axe.
  3433 | D:3      | Found an iron altar of Okawaru.
  3602 | D:3      | 3602 ||| Stepping ~*~*~tactically~*~*~ (stealth).
  3603 | D:3      | 3603 ||| Stepping ~*~*~tactically~*~*~ (stealth).
  3611 | D:3      | Reached skill level 6 in Axes
  3819 | D:3      | 3819 ||| Stepping ~*~*~tactically~*~*~ (hiding).
  3828 | D:3      | 3828 ||| INVOKING Fiery Armour.
  4237 | D:3      | 4237 ||| DROPPING scarf of shadows.
  4238 | D:3      | 4238 ||| UPGRADING to +0 chain mail.
  4248 | D:3      | 4248 ||| DROPPING +0 scale mail.
  4249 | D:3      | 4249 ||| READING scroll labelled UDULAURAHEO.
  4250 | D:3      | 4250 ||| Stepping randomly (stuck).
  4251 | D:3      | 4251 ||| Stepping ~*~*~tactically~*~*~ (cloud).
  4494 | D:4      | 4494 ||| Stepping ~*~*~tactically~*~*~ (stealth).
  4570 | D:4      | Noticed a black bear
  4586 | D:4      | 4586 ||| INVOKING Fiery Armour.
  4588 | D:4      | Killed a black bear
  4589 | D:4      | Reached skill level 3 in Armour
  4589 | D:4      | Reached XP level 7. HP: 22/53 MP: 8/8
  4838 | D:4      | 4838 ||| INVOKING Fiery Armour.
  5272 | D:4      | 5272 ||| INVOKING Fiery Armour.
  5677 | D:4      | Found a hazy altar of Hepliaklqana.
  5730 | D:4      | 5730 ||| READING scroll labelled GABRAE AGRYMIO.
  5731 | D:4      | 5731 ||| DRINKING 2 green potions.
  5732 | D:4      | 5732 ||| DROPPING potion of flight.
  5758 | D:5      | Entered Level 5 of the Dungeon
  5811 | D:5      | Noticed Sigmund
  5812 | D:5      | 5812 ||| Stepping ~*~*~tactically~*~*~ (hiding).
  5824 | D:5      | 5824 ||| INVOKING Fiery Armour.
  5830 | D:5      | Killed Sigmund
  5831 | D:5      | Reached skill level 7 in Axes
  5831 | D:5      | Reached XP level 8. HP: 24/60 MP: 9/9
  6189 | D:5      | 6189 ||| Stepping ~*~*~tactically~*~*~ (stealth).
  6192 | D:5      | 6192 ||| INVOKING Fiery Armour.
  6194 | D:5      | HP: 14/60 [ogre/+0 giant spiked club (16)]
  6195 | D:5      | 6195 ||| DRINKING potion of heal wounds.
  6262 | D:5      | Reached skill level 8 in Axes
  6276 | D:5      | 6276 ||| Stepping ~*~*~tactically~*~*~ (hiding).
  6514 | D:5      | Found a runed translucent door.
  6514 | D:5      | Noticed qw's ghost (novice TrCA)
  6804 | D:5      | 6804 ||| UPGRADING to +0 pair of boots.
  6809 | D:5      | 6809 ||| READING scroll labelled BUEMED SIAL.
  6810 | D:5      | 6810 ||| DRINKING 2 fizzy amethyst potions.
  6811 | D:5      | 6811 ||| READING 3 scrolls of identify.
  6811 | D:5      | 6811 ||| IDENTIFYING sedimented black potion
  6812 | D:5      | 6812 ||| READING 2 scrolls of identify.
  6812 | D:5      | 6812 ||| IDENTIFYING smoky silvery potion
  6813 | D:5      | 6813 ||| DROPPING potion of berserk rage.
  6814 | D:5      | 6814 ||| DROPPING potion of magic.
  6815 | D:5      | 6815 ||| DROPPING potion of brilliance.
  6837 | D:6      | 6837 ||| STAIRDANCE
  6901 | D:6      | 6901 ||| STAIRDANCE
  7044 | D:6      | 7044 ||| Stepping ~*~*~tactically~*~*~ (stealth).
  7045 | D:6      | 7045 ||| Stepping ~*~*~tactically~*~*~ (stealth).
  7085 | D:6      | 7085 ||| Stepping ~*~*~tactically~*~*~ (stealth).
  7086 | D:6      | 7086 ||| Stepping ~*~*~tactically~*~*~ (stealth).
  7270 | D:6      | 7270 ||| Stepping ~*~*~tactically~*~*~ (stealth).
  7273 | D:6      | 7273 ||| FLEEEEING.
  7274 | D:6      | 7274 ||| FLEEEEING.
  7275 | D:6      | 7275 ||| FLEEEEING.
  7276 | D:6      | 7276 ||| FLEEEEING.
  7277 | D:6      | 7277 ||| FLEEEEING.
  7278 | D:6      | 7278 ||| FLEEEEING.
  7289 | D:6      | 7289 ||| FLEEEEING.
  7290 | D:6      | 7290 ||| FLEEEEING.
  7291 | D:6      | 7291 ||| FLEEEEING.
  7297 | D:6      | 7297 ||| FLEEEEING.
  7298 | D:6      | 7298 ||| FLEEEEING.
  7299 | D:6      | 7299 ||| FLEEEEING.
  7300 | D:6      | 7300 ||| FLEEEEING.
  7301 | D:6      | 7301 ||| STAIRDANCE
  7421 | D:5      | 7421 ||| READING 2 scrolls labelled FANUPN QOHA.
  7422 | D:5      | 7422 ||| READING scroll labelled LABBEE AJOB.
  7423 | D:5      | 7423 ||| DROPPING scroll of butterflies.
  7444 | D:6      | 7444 ||| Stepping ~*~*~tactically~*~*~ (hiding).
  7445 | D:6      | 7445 ||| Stepping ~*~*~tactically~*~*~ (hiding).
  7447 | D:6      | 7447 ||| Stepping ~*~*~tactically~*~*~ (hiding).
  7448 | D:6      | 7448 ||| Stepping ~*~*~tactically~*~*~ (hiding).
  7449 | D:6      | 7449 ||| INVOKING Fiery Armour.
  7456 | D:6      | HP: 14/62 [orc/+0 war axe (2)]
  7457 | D:6      | Killed from afar by an orc priest

Levels and vault maps discovered:
D:1:      reono_arrival_mine, layout_rooms, nicolae_ecumenical_snake_handling,
          minmay_misc_feat_tiny
D:2:      layout_loops_cross, serial_shops, shop_fountains,
          nicolae_shop_behind_doors, skrybe_limestone_x
D:3:      layout_loops_ring, mainiacjoe_overflow_six_doors_small,
          chequers_serial_rivers_room_b, uniq_ijyb, uniq_robin, uniq_pargi
D:4:      layout_basic, nzn_hepliaklqana_mist_gate, serial_aquarium,
          aquarium_bridge_straight [aquarium_subvault_bridge,
          aquarium_subvault_balcony, aquarium_subvault_bridge,
          aquarium_subvault_wall], aquarium_bridge_square
          [aquarium_subvault_window, aquarium_subvault_bridge,
          aquarium_subvault_bridge, aquarium_subvault_wall],
          aquarium_window_fake, aquarium_window_2, aquarium_window_corner,
          aquarium_view_2c, minmay_rat_hole
D:5:      layout_loops_ring, ebering_ghost_inner_flame, uniq_sigmund
D:6:      layout_basic, uniq_prince_ribbit1

Skill      XL: |  1  2  3  4  5  6  7  8 |
---------------+-------------------------+-----
Shields        | 1 3 4 |  4.3
Armour         | 1 3 |  3.0
Axes           | 4 5 6 7 8 |  8.7
Dodging        | 1 |  1.1
Fighting       | 4 5 |  5.1
Spellcasting   | |  1.1
Fire Magic     | |  3.0

Action                   |  1- 3 |  4- 6 |  7- 9 || total
-------------------------+-------+-------+-------++-------
Melee: Hand axe          |   118 |    82 |       ||   200
       War axe           |       |    57 |   156 ||   213
Invok: Fiery Armour      |     3 |     4 |     5 ||    12
  Use: Scroll            |     4 |     1 |     6 ||    11
       Potion            |     1 |       |     3 ||     4
 Stab: Distracted        |       |     1 |       ||     1
Armor: Robe              |     7 |       |       ||     7
       Scale mail        |    32 |    60 |       ||    92
       Chain mail        |       |    21 |    77 ||    98
Dodge: Dodged            |    54 |    71 |    52 ||   177
Block: Buckler           |     6 |    25 |    18 ||    49

Table legend:
 A = Non-vault XP
 B = Vault XP
 C = Vault XP percentage of total XP
 D = Non-vault monster count
 E = Vault monster count
 F = Vault count percentage of total count
                 A         B        C        D         E       F
            +---------+---------+-------+---------+---------+-------
      Total |    1418 |     473 |  25.0 |      95 |      37 |  28.0
            +---------+---------+-------+---------+---------+-------
        D:1 |      20 |       3 |  13.0 |      12 |       2 |  14.3
        D:2 |      38 |       4 |   9.5 |      18 |       2 |  10.0
        D:3 |     205 |     215 |  51.2 |      28 |      13 |  31.7
        D:4 |     389 |      20 |   4.9 |      17 |      19 |  52.8
        D:5 |     365 |     231 |  38.8 |      12 |       1 |   7.7
        D:6 |     401 |       0 |   0.0 |       8 |       0 |   0.0
            +---------+---------+-------+---------+---------+-------
